 Dungeon Crawl Stone Soup version 0.27-a0-1185-ga233589e6f (webtiles) character file.

Game seed: 14132076042925082380

267 Morbidden the Grave Robber (level 6, 0/44 HPs)
             Began as a Demonspawn Necromancer on May 19, 2021.
             Was an Initiate of Cheibriados.
             Slain by a gnoll
             ... wielding a +3 spear
              (4 damage)
             ... on level 4 of the Dungeon.
             The game lasted 00:06:14 (5783 turns).

Morbidden the Grave Robber (Demonspawn Necromancer) Turns: 5783, Time: 00:06:14

Health: 0/44       AC:  3    Str:  9    XL:     6   Next: 0%
Magic:  0/11       EV: 12    Int: 26    God:    Cheibriados [......]
Gold:   161        SH:  4    Dex: 14    Spells: 4/12 levels left

rFire    . . .     SeeInvis .   a - staff of death
rCold    . . .     Faith    .   (no shield)
rNeg     + . .     Spirit   .   g - +0 robe
rPois    +         Reflect  .   (helmet restricted)
rElec    .         Harm     .   i - +0 cloak
rCorr    .         Rampage  .   (no gloves)
Will     .....                  (no boots)
Stlth    ++........             (no amulet)
HPRegen  0.14/turn              h - ring of poison resistance
MPRegen  0.12/turn              n - +6 ring of intelligence

@: very slow
A: horns 1, powered by death 1, condensation shield
a: Renounce Religion, Bend Time


You were on level 4 of the Dungeon.
You worshipped Cheibriados.
Cheibriados was noncommittal.
You visited 1 branch of the dungeon, and saw 4 of its levels.

You collected 161 gold pieces.

Inventory:

Hand Weapons
 o - a +0 dagger
Missiles
 j - 3 boomerangs (quivered)
 r - 8 atropa-tipped darts
Armour
 g - a +0 robe (worn)
 i - a +0 cloak (worn)
 t - a +0 tower shield
Magical Staves
 a - a staff of death (weapon)
Jewellery
 h - a ring of poison resistance (left hand)
 n - a +6 ring of intelligence (right hand)
Scrolls
 b - 4 scrolls of identify {unknown}
 c - a scroll of fear {unknown}
 f - 2 scrolls of amnesia {unknown}
 k - 3 scrolls of silence {unknown}
 l - 2 scrolls of immolation {unknown}
 p - a scroll of brand weapon {unknown}
 s - 2 scrolls of noise {unknown}
Potions
 d - a potion of heal wounds {unknown}
 e - a potion of haste {unknown}
 m - a potion of curing
 q - a potion of lignification {unknown}


   Skills:
 * Level 1.8 Fighting
 + Level 0.1 Short Blades
 + Level 2.4 Dodging
 + Level 2.0 Stealth
 + Level 0.1 Shields
 + Level 0.4 Unarmed Combat
 * Level 3.9 Spellcasting
 * Level 5.6 Necromancy
 * Level 0.4 Evocations


You had 4 spell levels left.
You knew the following spells:

 Your Spells              Type           Power      Damage    Failure   Level
a - Pain                  Necr           100%       1d9       1%          1
b - Vampiric Draining     Necr           25%        2d9       2%          3
c - Animate Dead          Necr           25%        N/A       9%          4

Your spell library contained the following spells:

 Spells                   Type           Power      Damage    Failure   Level
 Animate Skeleton         Necr           100%       N/A       1%          1
 Agony                    Necr           51%        N/A       24%         5


Dungeon Overview and Level Annotations

Branches:
Dungeon (4/15)
 Temple: D:4-7

Altars:
Cheibriados
Gozag
Ru
Wu Jian

Shops:
D:3 ***(

Annotations:
D:2 Grinder


Innate Abilities, Weirdness & Mutations

You have a pair of small horns on your head.
You regenerate a little health from kills.
A meltable shield of frost defends you. (SH +4)


Message History

Confirm with . or Enter, or press ? or * to list all spells.
Aiming: Vampiric Draining (dangerous; 2% risk of failure)
Press: ? - help, Shift-Dir - straight line, f/p - gnoll
Aim: a gnoll, wielding a +0 flail (almost dead)
You feel a surge of power!
You draw life force from the gnoll.
You kill the gnoll!
Cheibriados appreciates the change of pace.
You feel life coursing into your body. You block the gnoll sergeant's attack.
You have reached level 6!
Your experience leads to an increase in your attributes!
Your base attributes are Str 8, Int 18, Dex 13.
Increase (S)trength, (I)ntelligence, or (D)exterity?
You feel clever.
Your demonic ancestry asserts itself...
A wave of death washes over you.
Unknown command.
Casting: Vampiric Draining (dangerous; 2% risk of failure)
Confirm with . or Enter, or press ? or * to list all spells.
Aiming: Vampiric Draining (dangerous; 2% risk of failure)
Press: ? - help, Shift-Dir - straight line, f - gnoll
Aim: a gnoll, wielding a +0 club You feel a surge of power!
You draw life force from the gnoll!
You feel life coursing into your body.
The gnoll sergeant hits you from afar with a +0 trident!
The gnoll hits you with a +0 club.
The gnoll hits you from afar with a +3 spear!
Unknown command.
Unknown command.
Unknown command.
Casting: Vampiric Draining (dangerous; 2% risk of failure)
Confirm with . or Enter, or press ? or * to list all spells.
Aiming: Pain (safe; 1% risk of failure)
Press: ? - help, Shift-Dir - straight line, f/p - gnoll
Aim: a gnoll, wielding a +0 club (almost dead, chance to affect: 89%)
You feel a surge of power!
The gnoll writhes in agony.
You kill the gnoll!
Cheibriados appreciates the change of pace.
The gnoll sergeant hits you from afar with a +0 trident!
* * * LOW HITPOINT WARNING * * *
The gnoll hits you from afar with a +3 spear.
You die...

#.# #.. #..........
#.#
..#######..#.######
#.### ..........#.#
#...# ........<.#.#
###.# #≈≈≈≈≈≈≈≈≈#.#
#.# #≈##≈≈≈##≈#.#
#.# #≈#######≈#.#
#.# ##≈≈#g..#≈≈#.#
#.# #..@)gg.#≈≈# #.#
#.≈≈#g..#≈≈#
#.######.≈###### ≈#
#........≈##≈≈≈##≈..
########.≈≈≈≈≈≈≈≈≈#
#.....### #######


You could see a gnoll sergeant and 3 gnolls.

Vanquished Creatures
  A water moccasin skeleton (D:4)
  A hound (D:4)
  Jessica (D:3)
  Robin (D:3)
  2 gnolls (D:4)
  2 adders
  2 adder skeletons
  4 dart slugs
  8 ball pythons
  7 endoplasms
  A giant cockroach (D:2)
  19 goblins
  9 hobgoblins
  16 jackals
  8 kobolds
  5 quokkas
  5 bats
  5 frilled lizards
  4 rats
101 creatures vanquished.

Vanquished Creatures (others)
  7 plants
7 creatures vanquished.

Grand Total: 108 creatures vanquished

Notes
Turn   | Place    | Note
-------+----------+-------------------------------------------
     0 | D:1      | Morbidden the Demonspawn Necromancer began the quest for
                  | the Orb.
     0 | D:1      | Reached XP level 1. HP: 13/13 MP: 3/3
    62 | D:1      | Found a faded altar of an unknown god.
   376 | D:1      | Gained mutation: A meltable shield of frost defends you.
                  | (SH +4) [demonic ancestry]
   376 | D:1      | Reached XP level 2. HP: 7/20 MP: 0/5
  1195 | D:1      | Reached skill level 5 in Necromancy
  1326 | D:1      | Reached XP level 3. HP: 24/25 MP: 4/6
  1768 | D:2      | Found an ornate altar of the Wu Jian Council.
  2053 | D:2      | Learned a level 3 spell: Vampiric Draining
  2385 | D:2      | Gained mutation: You have a pair of small horns on your
                  | head. [demonic ancestry]
  2385 | D:2      | Reached XP level 4. HP: 31/31 MP: 8/8
  2629 | D:2      | Reached skill level 1 in Fighting
  3324 | D:3      | Noticed Grinder
  3336 | D:2      | Paralysed by Grinder for 6 turns
  3353 | D:3      | Found Hiczodae's General Store.
  3745 | D:3      | Noticed Robin
  3759 | D:3      | Killed Robin
  3981 | D:3      | Found Jomilus's Antique Weapon Shop.
  3994 | D:3      | Learned a level 4 spell: Animate Dead
  4051 | D:3      | Noticed Jessica
  4053 | D:3      | Killed Jessica
  4054 | D:3      | Reached XP level 5. HP: 38/38 MP: 2/9
  4150 | D:3      | Found Zydgh's Assorted Antiques.
  4267 | D:3      | Found Guqouw Wiutt's Assorted Antiques.
  4979 | D:4      | Found a sacrificial altar of Ru.
  4980 | D:4      | Found a snail-covered altar of Cheibriados.
  4981 | D:4      | Found an opulent altar of Gozag.
  4988 | D:4      | Became a worshipper of Cheibriados the Contemplative
  5782 | D:4      | Gained mutation: You regenerate a little health from kills.
                  | [demonic ancestry]
  5782 | D:4      | Reached XP level 6. HP: 38/44 MP: 4/11
  5783 | D:4      | Slain by a gnoll

Illustrated notes

Levels and vault maps discovered:
D:1:      heliophobic_arrival_glass_houses, layout_basic,
          shapermc_ecumenical_altar_mp_ritualfount
D:2:      minmay_angry_zag, layout_loops_ring, basic_altar
D:3:      layout_basic, serial_shops, nicolae_shop_overgrown_old_shop, shop,
          shop, shop, uniq_grinder, uniq_robin, uniq_jessica
D:4:      layout_loops_ring, chequers_temple_overflow_statue_of_worship,
          lightli_minifort

Skill      XL: |  1  2  3  4  5 |
---------------+----------------+-----
Necromancy     | 5 |  5.6
Fighting       | 1 |  1.8
Spellcasting   | 3 |  3.9
Dodging        | 2 |  2.4
Stealth        | 2 |  2.0
Short Blades   | |  0.1
Shields        | |  0.1
Unarmed Combat | |  0.4
Evocations     | |  0.4

Action                   |  1- 3 |  4- 6 || total
-------------------------+-------+-------++-------
Melee: Unarmed           |    35 |       ||    35
       Dagger            |    28 |    95 ||   123
       Headbutt          |       |    24 ||    24
       Punch             |       |     1 ||     1
       Staff             |       |    36 ||    36
Throw: Boomerang         |    13 |       ||    13
 Cast: Pain              |    72 |    24 ||    96
       Vampiric Draining |       |    31 ||    31
       Animate Dead      |       |     1 ||     1
  Use: Potion            |     3 |       ||     3
 Stab: Distracted        |     1 |       ||     1
       Sleeping          |       |     1 ||     1
Armor: Robe              |    21 |    39 ||    60
Dodge: Dodged            |    46 |   117 ||   163
Block: Other             |    22 |    35 ||    57

Table legend: (Time is in decaauts)
 A = Elapsed time spent in this place.
 B = Non-inter-level travel time spent in this place.
 C = Inter-level travel time spent in this place.
 D = Time resting spent in this place.
 E = Time spent auto-exploring this place.
 F = Levels seen in this place.
 G = Mean time per level.
                   A        B        C        D        E       F      G
               +--------+--------+--------+--------+--------+-----+--------+
         Total |   5899 |   5720 |    179 |    827 |   4193 |   4 | 1474.8 |
       Dungeon |   5899 |   5720 |    179 |    827 |   4193 |   4 | 1474.8 |
               +--------+--------+--------+--------+--------+-----+--------+

Top non-repeatable levels by time:
     D:2: 1778 daAuts
     D:1: 1716 daAuts
     D:3: 1326 daAuts
     D:4: 1078 daAuts
